 Dungeon Crawl Stone Soup version 0.30.1-11-g7821555f0a (webtiles) character file.

Game seed: 13041622607756428114

25 jagang the Trooper (level 3, -3/30 HPs)
             Began as a Barachi Monk on Dec 14, 2023.
             Slain by Sigmund
             ... wielding a +0 scythe
              (8 damage)
             ... on level 1 of the Dungeon.
             The game lasted 00:02:51 (865 turns).

jagang the Trooper (Barachi Monk)                    Turns: 865, Time: 00:02:51

Health: -3/30      AC:  5    Str: 12    XL:     3   Next: 6%
Magic:  3/3        EV: 11    Int: 10    God:
Gold:   61         SH:  0    Dex: 16    Spells: 2/2 levels left

rFire   + . .        a - +0 falchion
rCold   . . .        d - orb {light}
rNeg    . . .        o - +0 ring mail
rPois   .            (no helmet)
rElec   .            (no cloak)
rCorr   .            (no gloves)
SInv    .            (no boots)
Will    .....        (no amulet)
Stlth   +            k - ring of protection from fire
HPRegen 0.25/turn    (no ring)
MPRegen 0.08/turn

%: no passive effects
@: glowing, slow
A: amphibious, slowness 1, strong legs 1, +LOS
a: Hop


You were on level 1 of the Dungeon.
You visited 1 branch of the dungeon, and saw 2 of its levels.

You collected 61 gold pieces.

Inventory:

Hand Weapons
 a - a +0 falchion (weapon)
Missiles
 f - 2 poisoned darts (quivered)
Armour
 d - an orb of light (worn)
 o - a +0 ring mail (worn)
Jewellery
 k - a ring of protection from fire (left hand)
Scrolls
 e - a scroll of noise {unknown}
 i - a scroll of teleportation {unknown}
 m - a scroll of brand weapon {unknown}
 n - a scroll of poison {unknown}
Potions
 c - a potion of ambrosia
 g - a potion of degeneration {unknown}
 h - 2 potions of berserk rage {unknown}
 j - 2 potions of curing {unknown}
 l - a potion of heal wounds {unknown}


   Skills:
 * Level 4.1 Fighting
 * Level 4.1 Long Blades
 + Level 0.5 Throwing
 + Level 1.4 Armour
 - Level 3.2 Dodging


You had 2 spell levels left.
You didn't know any spells.
Your spell library contained the following spells:

 Spells                   Type           Power      Damage    Failure   Level
 Apportation              Tloc           0%         N/A       63%         1
 Necrotise                Necr           0%         1d4       63%         1
 Summon Small Mammal      Summ           0%         N/A       63%         1
 Ensorcelled Hibernation  Hex/Ice        0%         N/A       77%         2
 Spider Form              Tmut/Pois      0%         N/A       94%         3
 Anguish                  Hex/Necr       0%         N/A       100%        4


Dungeon Overview and Level Annotations

Branches:
Dungeon (2/15)

Altars:

Annotations:
D:1 Sigmund
D:2 Terence


Innate Abilities, Weirdness & Mutations

You are amphibious.
You cover ground slowly.
You can hop short distances.
You have an extended range of vision and can be seen from far away.


Message History

You see here a +0 robe.
You climb downwards.
Level annotation: Sigmund, Terence Sigmund hits you with a +0 scythe.
There is a stone staircase leading up, spattered with blood here.
Sigmund laughs darkly.
Sigmund hits you with a +0 scythe!
You climb upwards.
There is a stone staircase leading down here.
You see here a +0 robe.
You hit Sigmund.
Sigmund is lightly wounded.
You hit Sigmund.
Sigmund is lightly wounded.
Sigmund hits you with a +0 scythe.
You hit Sigmund but do no damage.
Sigmund is lightly wounded.
Sigmund hits you with a +0 scythe.
You hit Sigmund.
Sigmund is moderately wounded.
Sigmund barely misses you.
You barely miss Sigmund.
Sigmund is moderately wounded.
You hit Sigmund.
Sigmund is moderately wounded.
Sigmund barely misses you.
You barely miss Sigmund.
Sigmund is moderately wounded.
Sigmund hits you with a +0 scythe.
* * * LOW HITPOINT WARNING * * *
You completely miss Sigmund.
Sigmund is moderately wounded.
You closely miss Sigmund.
Sigmund is moderately wounded.
Sigmund hits you with a +0 scythe.
* * * LOW HITPOINT WARNING * * *
You slash Sigmund!
Sigmund is heavily wounded.
Sigmund hits you with a +0 scythe!
You die...

#.# #.####..####.#
###.## #.# #..####.#
.⌠.⌠.###.####....(..#
...............##.#.#
._.⌠.###.#####.#....#
....## #.####.#.....#
...⌠# #.....###....#
##### ######....@..#
#.###@.)### #.#
#)....# #.###..##.#
##...#.##.#
#############.##.#
#.............##.#
####################.#
#.......## #.#
....<....###### #.#


You could see Sigmund.

Vanquished Creatures
  2 ball pythons (D:1)
  2 endoplasms (D:1)
  3 goblins (D:1)
  4 hobgoblins (D:1)
  A jackal (D:1)
  A quokka (D:1)
  A bat (D:1)
  7 frilled lizards
  3 kobolds (D:1)
  2 rats
26 creatures vanquished.

Notes
Turn   | Place    | Note
-------+----------+-------------------------------------------
     0 | D:1      | jagang the Barachi Monk began the quest for the Orb.
     0 | D:1      | Reached XP level 1. HP: 18/18 MP: 1/1
   137 | D:1      | Found a faded altar of an unknown god.
   175 | D:1      | Reached skill level 1 in Armour
   175 | D:1      | Reached XP level 2. HP: 25/25 MP: 2/2
   792 | D:2      | Reached XP level 3. HP: 30/30 MP: 3/3
   799 | D:2      | Noticed Sigmund
   800 | D:2      | Noticed Terence
   865 | D:1      | Slain by Sigmund

Illustrated notes

Levels and vault maps discovered:
D:1:      giann_wishing_wells, layout_loops_ring,
          hellmonk_ecumenical_altar_run_dry,
          nicolae_concentric_dashed_squares_wild, kennysheep_crisscross,
          wander_ebering_terrifying_dragon_lair
D:2:      kennysheep_six_static_rooms, layout_basic, grunt_ministairs_8,
          uniq_terence, uniq_natasha, uniq_sigmund

Skill      XL: |  1  2 |
---------------+-------+-----
Armour         | 1 |  1.4
Long Blades    | 4 |  4.1
Fighting       | 4 |  4.1
Throwing       | |  0.5
Dodging        | |  3.2

Action                     || total
---------------------------++-------
  Melee: Falchion          ||    67
 Armour: Robe              ||     5
         Ring mail         ||     3
  Dodge: Dodged            ||    35
